 Dungeon Crawl Stone Soup version 0.27.0-1-g7a08968 (webtiles) character file.

Game seed: 4162430429963702496

0 cheaper the Poker (level 1, -2/14 HPs)
             Began as a Tengu Berserker on Aug 6, 2021.
             Was a Follower of Trog.
             Slain by a kobold (4 damage)
             ... on level 1 of the Dungeon.
             The game lasted 00:00:04 (37 turns).

cheaper the Poker (Tengu Berserker)                   Turns: 37, Time: 00:00:05

Health: -2/14      AC:  2    Str: 17    XL:     1   Next: 10%
Magic:  2/2        EV: 12    Int:  7    God:    Trog [*.....]
Gold:   0          SH:  0    Dex: 13    Spells: 0/0 levels left

rFire    . . .     SeeInvis .   a - +0 spear
rCold    . . .     Faith    .   (no shield)
rNeg     . . .     Spirit   .   b - +0 animal skin
rPois    .         Reflect  .   (helmet restricted)
rElec    .         Harm     .   (no cloak)
rCorr    .         Rampage  .   (no gloves)
Will     .....                  (boots unavailable)
Stlth    +.........             (no amulet)
HPRegen  0.04/turn              (no ring)
MPRegen  0.08/turn              (no ring)

@: no status effects
A: beak, talons 3
a: Renounce Religion, Berserk


You were on level 1 of the Dungeon.
You worshipped Trog.
Trog was aware of your devotion.
You visited 1 branch of the dungeon, and saw 1 of its levels.

Inventory:

Hand Weapons
 a - a +0 spear (weapon)
Armour
 b - a +0 animal skin (worn)


   Skills:
 + Level 3.0 Fighting
 + Level 3.3 Polearms
 + Level 2.2 Armour
 + Level 2.2 Dodging


You couldn't memorise any spells.
You didn't know any spells.
Your spell library was empty.

Dungeon Overview and Level Annotations

Branches:
Dungeon (1/15)

Altars:


Innate Abilities, Weirdness & Mutations

You have a beak for a mouth.
You have claws for feet.


Message History

A nearby plant withers and dies.
The kobold closely misses you.
The rat bites the plant.
You hit the plant. You claw the plant!
The plant is lightly damaged.
The kobold closely misses you.
You hit the plant. You claw the plant.
The plant is lightly damaged.
A nearby plant withers and dies.
The kobold hits you with a +0 short sword.
The kobold barely misses you. The rat misses you. The kobold misses you.
The kobold hits you with a +0 whip.
You hit the rat.
You kill the rat!
Trog accepts your kill. The ball python closely misses you.
The ball python barely misses you. The kobold closely misses you.
A nearby plant withers and dies.
The ball python closely misses you. The ball python grabs you.
The ball python constricts you.
The kobold hits you but does no damage. x2; The ball python barely misses you.
The ball python constricts you.
You see here a rat corpse.
The ball python's grasp on you weakens, but your attempt to escape fails.
The kobold barely misses you. The kobold completely misses you.
The ball python closely misses you. The ball python constricts you.
You escape the ball python's grasp.
The ball python closely misses you. The ball python grabs you.
The ball python constricts you.
You escape the ball python's grasp.
The kobold throws a stone.
The stone barely misses you. The kobold closely misses you.
The ball python closely misses you. The ball python grabs you.
The ball python constricts you.
The kobold throws a stone.
The stone hits you but does no damage. The ball python completely misses you.
The ball python constricts you.
The ball python's grasp on you weakens, but your attempt to escape fails.
The ball python bites you.
* * * LOW HITPOINT WARNING * * *
The ball python constricts you.
You escape the ball python's grasp.
The kobold hits you with a +0 short sword.
You die...

## .# ##########.#
........#.#
####......#.###
..........+...
..........#.#
.......@K...##
........KS.?.###.#


PPPPPPPPP.†P...... PPPPPPPP....####.# PP.....PPP.P# ..PPPPP..P.P# PPP...PPP..P#
PP.PPP.PP..P# P.PP.PP.P# You could see a ball python and 2 kobolds.

Vanquished Creatures
  A rat (D:1)
1 creature vanquished.

Vanquished Creatures (others)
  11 plants (D:1)
11 creatures vanquished.

Grand Total: 12 creatures vanquished

Notes
Turn   | Place    | Note
-------+----------+-------------------------------------------
     0 | D:1      | cheaper the Tengu Berserker began the quest for the Orb.
     0 | D:1      | Reached XP level 1. HP: 14/14 MP: 2/2
    37 | D:1      | Slain by a kobold

Illustrated notes

Levels and vault maps discovered:
D:1:      roderic_crop_circles_arrival_small, layout_basic, minmay_pentomino_t2

Action                   || total
-------------------------++-------
Melee: Spear             ||    23
       Kick              ||    16
       Peck              ||    12
Armor: Animal skin       ||     3
Dodge: Dodged            ||    19
